Map: Bridgehead LE

Players

Krigeris - Winner!

  • Race: Terran Terran
  • Spawn Location: 3:00

A.I. 1 (Medium)

  • Race: Zerg Zerg
  • Spawn Location: 9:00

VOD

Have the link to the VOD?

Description

Time

  • Played on: Nov. 10, 2016, 12:51 a.m.
  • Length: 16:27
Show
View Real Time Build Order
Export as new Build Order

Krigeris Terran - Winner!

Build Orders: Command Center First (CC) 

Get SALT Encoding   

  12  0:02  SCV  
  13  0:36  Supply Depot, SCV  
  14  0:48  SCV  
  15  1:01  Supply Depot  
  15  1:02  SCV  
  16  1:10  Refinery  
  16  1:14  SCV  
  17  1:25  Supply Depot  
  17  1:31  Command Center  
  17  1:37  SCV  
  18  1:49  SCV  
  19  2:01  SCV  
  20  2:11  Barracks  
  20  2:13  SCV  
  21  2:26  SCV  
  22  2:38  SCV  
  23  2:44  Barracks  
  23  2:50  SCV  
  24  3:01  Barracks Reactor  
  24  3:02  SCV, Engineering Bay  
  25  3:14  SCV  
  25  3:15  SCV  
  27  3:25  Refinery  
  27  3:26  SCV  
  28  3:27  SCV  
  29  3:38  SCV  
  29  3:39  SCV  
  31  3:52  Command Center  
  31  3:58  Bunker  
  31  4:00  SCV  
  31  4:01  SCV  
  33  4:04  Refinery  
  33  4:07  Refinery  
  33  4:12  SCV  
  33  4:14  SCV  
  33  4:15  Barracks Reactor  
  35  4:17  Marine  
  35  4:18  Marine  
  35  4:24  SCV  
  38  4:26  SCV  
  38  4:28  Terran Infantry Weapons Level 1  
  38  4:31  Bunker  
  39  4:34  Engineering Bay  
  39  4:35  Marine x2  
  41  4:43  Factory  
  41  4:53  Marine x2  
  41  4:56  Marine x2  
  45  5:04  Refinery  
  45  5:08  Planetary Fortress  
  45  5:11  Marine x2  
  45  5:14  Marine x2  
  49  5:33  SCV  
  50  5:36  Marine x3  
  50  5:37  Marine  
  50  5:40  Factory Tech Lab  
  54  5:45  SCV  
  55  5:50  Terran Infantry Armor Level 1  
  55  5:53  Armory  
  55  5:54  Marine  
  56  6:00  Siege Tank  
  59  6:11  SCV  
  59  6:14  SCV  
  59  6:18  SCV  
  62  6:22  Hi-Sec Auto Tracking  
  62  6:23  SCV  
  63  6:26  SCV  
  63  6:30  SCV, Factory  
  63  6:32  Siege Tank  
  68  6:35  SCV  
  69  6:47  Supply Depot  
  69  6:49  Supply Depot  
  69  6:50  Supply Depot  
  69  6:58  SCV  
  69  7:03  SCV  
  69  7:05  Supply Depot  
  68  7:08  Siege Tank  
  68  7:10  SCV  
  68  7:15  Bunker, SCV  
  73  7:21  Building Armor  
  73  7:22  SCV  
  74  7:31  Terran Vehicle Weapons Level 1  
  74  7:34  Factory Tech Lab  
  74  7:39  Marine x2  
  74  7:40  Marine x2  
  74  7:41  Siege Tank  
  81  7:44  Neosteel Frame  
  81  7:57  Marine x2  
  81  7:58  Command Center  
  83  8:13  Siege Tank  
  86  8:45  Siege Tank  
  88  9:01  Terran Infantry Weapons Level 2, Bunker  
  88  9:17  Siege Tank  
  91  9:24  Bunker  
  91  9:31  Terran Infantry Armor Level 2  
  91  9:35  Terran Vehicle Weapons Level 2  
  91  9:49  Thor x2  
  91  9:51  Marine x2  
  105  9:54  Reaper x2  
  107  10:02  Bunker  
  107  10:09  Marine  
  108  10:28  Reaper x2, Marine x2  
  108  10:32  Thor  
  105  10:46  Marine x2  
  107  11:03  Marine  
  107  11:06  Thor  
  106  11:15  Siege Tank  
  106  11:22  Reaper x2  
  103  11:30  Bunker  
  103  11:47  Siege Tank  
  103  11:52  Terran Vehicle And Ship Armor Level 1  
  103  11:54  Marine  
  107  12:18  Command Center  
  100  13:05  Marine x4  
  104  13:23  Marine x4  
  108  13:29  Thor, SCV  
  108  13:33  Planetary Fortress  
  121  13:37  Supply Depot  
  121  13:38  Supply Depot x2  
  121  13:41  Reaper x2  
  123  13:44  Supply Depot  
  123  13:50  Reaper, Thor  
  123  13:52  Reaper  
  123  13:55  Terran Vehicle And Ship Armor Level 2  
  123  13:58  SCV  
  124  14:10  SCV  
  124  14:12  Thor  
  124  14:13  Reaper  
  129  14:22  SCV  
  130  14:34  SCV  
  125  14:55  Siege Tank  
  122  15:27  Siege Tank  
  111  16:00  Marine x3  
  111  16:01  Marine  
Show
View Real Time Build Order
Export as new Build Order

A.I. 1 (Medium) Zerg 

Build Orders: Pool First 

Get SALT Encoding   

  12  0:01  Drone  
  13  0:12  Overlord  
  13  0:17  Drone  
  14  0:30  Drone  
  14  0:33  Drone  
  16  0:43  Spawning Pool  
  16  0:44  Drone  
  16  0:49  Drone  
  17  0:52  Extractor  
  17  0:55  Drone  
  17  1:06  Overlord  
  17  1:31  Queen, Zergling x2  
  20  1:38  Drone, Roach Warren  
  20  1:40  Extractor  
  20  1:45  Zergling x2  
  20  1:49  Drone  
  21  1:59  Drone  
  22  2:15  Overlord  
  22  2:21  Roach  
  24  2:35  Roach  
  26  2:38  Overlord  
  26  2:50  Roach  
  28  3:02  Drone  
  28  3:04  Roach  
  31  3:08  Drone  
  32  3:16  Overlord  
  32  3:18  Roach  
  34  3:21  Drone  
  34  3:25  Drone  
  36  3:32  Drone  
  37  3:41  Drone, Roach  
  40  3:42  Baneling Nest  
  40  3:44  Drone  
  40  3:52  Evolution Chamber  
  40  3:53  Drone  
  40  3:55  Roach  
  42  4:09  Roach  
  44  6:21  Drone, Lair  
  44  6:22  Spore Crawler, Overlord  
  44  6:25  Drone, Spore Crawler  
  44  6:26  Evolution Chamber  
  44  6:28  Drone  
  44  6:29  Hatchery  
  44  6:31  Drone  
  44  6:50  Spine Crawler  
  44  6:52  Spine Crawler  
  43  6:54  Drone  
  42  7:01  Zergling x2  
  32  7:14  Roach  
  28  7:18  Queen, Overseer  
  28  7:19  Overseer  
  28  7:21  Drone, Hydralisk Den  
  30  7:23  Infestation Pit  
  30  7:24  Drone, Spire  
  30  7:26  Roach  
  30  7:27  Drone  
  32  7:38  Roach  
  32  7:42  Drone, Queen  
  37  7:45  Drone  
  37  7:48  Drone  
  37  7:50  Roach  
  42  7:51  Drone  
  42  7:52  Extractor  
  42  7:54  Drone  
  42  7:56  Spore Crawler  
  42  7:57  Drone  
  42  8:00  Drone, Spore Crawler  
  42  8:02  Roach, Spore Crawler  
  42  8:05  Drone  
  44  8:08  Drone  
  44  8:11  Drone  
  46  8:14  Roach  
  46  8:15  Drone  
  46  8:18  Drone  
  50  8:21  Drone  
  50  8:25  Drone  
  50  8:26  Hydralisk  
  54  8:29  Drone  
  54  8:32  Overlord  
  55  8:35  Drone  
  55  8:38  Drone, Hydralisk  
  59  8:47  Drone, Spine Crawler  
  59  8:49  Drone  
  59  8:50  Hydralisk  
  59  8:52  Drone  
  59  8:55  Drone  
  64  8:58  Drone  
  64  9:00  Overlord  
  64  9:01  Drone  
  66  9:02  Hydralisk  
  66  9:04  Drone  
  69  9:10  Spine Crawler  
  69  9:11  Drone  
  69  9:14  Drone  
  70  9:18  Drone  
  71  10:25  Hydralisk  
  70  10:34  Extractor  
  70  10:35  Overseer, Overlord  
  63  10:38  Zergling x2  
  52  10:48  Roach  
  52  10:49  Overseer, Hive  
  54  10:50  Queen  
  54  10:51  Zerg Melee Weapons Level 1, Zerg Ground Armor Level 1  
  54  10:56  Drone, Roach  
  52  10:57  Hatchery  
  52  10:59  Drone  
  52  11:03  Roach  
  49  11:10  Roach  
  48  11:17  Roach  
  47  11:22  Drone  
  47  11:25  Roach  
  50  11:26  Drone  
  50  11:29  Drone  
  50  11:30  Overlord  
  50  11:31  Hydralisk  
  54  11:38  Drone, Hydralisk  
  57  11:41  Drone  
  57  11:44  Drone  
  57  11:45  Hydralisk  
  61  11:47  Drone  
  61  11:50  Drone  
  61  11:53  Infestor  
  63  12:00  Infestor  
  63  12:01  Muscular Augments, Pneumatized Carapace  
  65  12:04  Greater Spire, Ultralisk Cavern  
  65  12:08  Zergling x2  
  59  12:11  Drone  
  59  12:14  Drone, Hydralisk  
  60  12:17  Drone  
  60  12:20  Drone  
  60  12:22  Roach  
  64  12:23  Drone  
  64  12:26  Drone  
  61  12:30  Roach  
  61  12:36  Hydralisk  
  59  12:43  Hydralisk  
  53  12:51  Roach, Overlord  
  45  13:06  Overseer  
  45  13:08  Zergling x2  
  45  13:12  Overlord  
  38  13:21  Overlord  
  38  13:32  Overlord  
  37  13:38  Overlord  
  33  13:57  Infestor, Overlord  
  33  14:00  Overlord  
  35  14:04  Overlord  
  35  14:15  Extractor  
  32  14:17  Extractor  
  32  14:18  Zergling x2  
  32  14:23  Overlord  
  34  14:25  Roach, Spore Crawler  
  35  14:32  Lair  
  35  14:33  Zergling x2  
  34  14:39  Mutalisk  
  33  14:46  Overlord  
  33  14:47  Zergling x2  
  33  14:49  Evolution Chamber  
  31  14:53  Mutalisk  
  32  15:01  Zergling x2  
  26  15:08  Zergling x2  
  23  15:19  Drone  
  20  15:29  Overseer, Overlord  
  20  15:41  Roach  
  4  15:51  Drone  
Tags
 
Add a new tag
Caveats
  • Supply blocks, unpowered buildings, or Contaminate may cause inaccurate times.
  • Supply counts are checked every 10 seconds.